 Dungeon Crawl Stone Soup version 0.31.0-1-g2c135a008e (webtiles) character file.

Game seed: 6707340610350020285

2819032 Kallu the Lord of Darkness (level 27, 246/246 HPs)
             Began as a Demonspawn Ice Elementalist on Jan 20, 2024.
             Was the Champion of Kikubaaqudgha.
             Escaped with the Orb
             ... and 5 runes!
             The game lasted 05:52:09 (84605 turns).

Kallu the Lord of Darkness (DsIE)                  Turns: 84605, Time: 05:52:10

Health: 246/246    AC: 15    Str:  9    XL:     27
Magic:  31/57      EV: 23    Int: 27    God:    Kikubaaqudgha [******]
Gold:   7726       SH:  0    Dex: 19    Spells: 10/69 levels left

rFire   + + .        B - staff of death
rCold   + + .        (no shield)
rNeg    + + .        L - +2 robe of Kemirele {^Contam rElec Regen+}
rPois   +            (helmet unavailable)
rElec   +            j - +2 cloak {rPois}
rCorr   +            I - +3 pair of gloves of Daffodils {Will+ rCorr SInv}
SInv    +            X - +3 pair of mountain boots {steadfast, rC+}
Will    ++++.        M - amulet of the Republic {Acrobat +Inv Regen+ Str+3}
Stlth   ++           l - ring "Vutzaulu" {Will++ MP+9 Stlth+}
HPRegen 2.21/turn    J - ring of Ciezenaorgh {rF++ rN+ Will- Slay+4 SInv}
MPRegen 0.35/turn

%: acrobat
@: very slightly contaminated, studying 2 skills
A: horns 3, powered by pain 3, spiny 3, black mark, sanguine armour 3,
bedeviling, aura of silence, agile 1, cold resistance 1, sense surroundings 1,
robust 1, weak 1, subdued magic 1
0: Orb of Zot
}: 5/15 runes: decaying, serpentine, slimy, silver, abyssal
a: Renounce Religion, Evoke Invisibility, Unearth Wretches, Torment


You escaped.
You worshipped Kikubaaqudgha.
Kikubaaqudgha was exalted by your worship.
You visited 12 branches of the dungeon, and saw 56 of its levels.
You visited the Abyss 3 times.
You also visited: Ossuary, Gauntlet and Ice Cave.

You collected 9588 gold pieces.
You spent 1862 gold pieces at shops.

Inventory:

Armour
 j - a +2 cloak of poison resistance (worn)
 I - the +3 pair of gloves of Daffodils (worn) {Will+ rCorr SInv}
   (You found it on level 1 of the Swamp)

   Will+:     It increases your willpower.
   SInv:      It lets you see invisible.
   rCorr:     It protects you from acid and corrosion.
 L - the +2 robe of Kemirele (worn) {^Contam rElec Regen+}
   (You found it in a Gauntlet)

   rElec:     It insulates you from electricity.
   ^Contam:   It causes magical contamination when unequipped.
   Regen+:    It increases your rate of health regeneration.
 X - the +3 pair of mountain boots (worn) {steadfast, rC+}
   (You acquired it on level 2 of the Crypt)

   Steadfast: It prevents involuntary movement, except for blinking,
   teleportation, or banishment.
   rC+:       It protects you from cold.
Magical Staves
 a - a staff of cold
 h - the staff "Killer Bee's Peril" {Conj Earth}
   (You found it on level 5 of the Pits of Slime)

   [staff of earth]

   Base accuracy: +5 Base damage: 5 Base attack delay: 1.2 This weapon's minimum
   attack delay (0.6) is reached at skill level 12.
   Conj:      It increases the power of your Conjurations spells.
   Earth:     It increases the power of your Earth spells.
   It falls into the 'Staves' category.
   It is a one-handed weapon.
 B - a staff of death (weapon)
Jewellery
 l - the ring "Vutzaulu" (left hand) {Will++ MP+9 Stlth+}
   (You found it in a Gauntlet)

   [ring of magical power]

   Will++:    It greatly increases your willpower.
   MP+9:      It affects your magic capacity (+9).
   Stlth+:    It makes you more stealthy.
 q - the ring of Gozag's Brutal Revenge {Fly rN+}
   (You found it on level 3 of the Crypt)

   [ring of positive energy]

   rN+:       It protects you from negative energy.
   Fly:       It grants you flight.
 v - a ring of resist corrosion
 D - the ring "Wiqaf" {rElec rPois MP+9 Str-4 Slay+5}
   (You found it on level 12 of the Dungeon)

   [ring of poison resistance]

   Str-4:     It affects your strength (-4).
   Slay+5:    It affects your accuracy & damage with ranged weapons and melee
   (+5).
   rElec:     It insulates you from electricity.
   rPois:     It protects you from poison MP+9: It affects your magic capacity
   (+9).
 J - the ring of Ciezenaorgh (right hand) {rF++ rN+ Will- Slay+4 SInv}
   (You acquired it on level 3 of the Crypt)

   [ring of slaying]

   Slay+4:    It affects your accuracy & damage with ranged weapons and melee
   (+4).
   rF++:      It greatly protects you from fire.
   rN+:       It protects you from negative energy.
   Will-:     It decreases your willpower.
   SInv:      It lets you see invisible.
 M - the amulet of the Republic (around neck) {Acrobat +Inv Regen+ Str+3}
   (You found it on level 5 of the Vaults)

   [amulet of the acrobat]

   Acrobat:   It increases your evasion while moving and waiting.
   Str+3:     It affects your strength (+3).
   +Inv:      It lets you turn invisible.
   Regen+:    It increases your rate of health regeneration.
 P - a ring of protection from fire
 S - an amulet of magic regeneration
 V - a ring of protection from cold
Wands
 e - a wand of quicksilver (21)
 u - a wand of iceblast (72)
 A - a wand of mindburst (56)
 F - a wand of paralysis (54)
 G - a wand of digging (22)
 Y - a wand of polymorph (31)
Scrolls
 f - 8 scrolls of immolation
 g - 10 scrolls of enchant armour
 i - 7 scrolls of teleportation
 n - 7 scrolls of fear
 p - 3 scrolls of silence
 r - 8 scrolls of amnesia
 t - 13 scrolls of poison
 y - 7 scrolls of vulnerability
 H - 6 scrolls of torment
 T - a scroll of revelation
 W - 5 scrolls of fog
Potions
 c - 22 potions of curing
 d - 5 potions of cancellation
 m - 3 potions of mutation
 o - 2 potions of magic
 s - 7 potions of enlightenment
 w - 8 potions of lignification
 x - 5 potions of ambrosia
 N - 5 potions of haste
 O - 4 potions of resistance
 Q - 10 potions of brilliance
 U - 9 potions of might
Miscellaneous
 k - a phial of floods
 z - a sack of spiders
 C - a phantom mirror
 K - a condenser vane
 Z - a lightning rod (4/4)


   Skills:
 - Level 20.0 Fighting
 - Level 4.0 Staves
 - Level 16.0 Dodging
 - Level 8.0 Stealth
 + Level 21.5 Spellcasting
 - Level 15.0 Conjurations
 - Level 12.0 Summonings
 O Level 27 Necromancy
 - Level 9.0 Ice Magic
 - Level 18.0 Earth Magic
 - Level 4.0 Alchemy
 - Level 8.0 Evocations


You had 10 spell levels left.
You knew the following spells:

 Your Spells              Type           Power      Damage    Failure   Level
a - Freeze                Ice            100%       1d10      0%          1
b - Frozen Ramparts       Ice            100%       1d16      1%          3
c - Ozocubu's Armour      Ice            56%        N/A       1%          3
d - Summon Ice Beast      Ice/Summ       60%        N/A       1%          3
e - Vampiric Draining     Necr           100%       2d13      0%          3
f - Borgnjor's Vile Clut  Necr/Erth      54%        N/A       0%          5
g - Dispel Undead         Necr           100%       3d31      0%          4
h - Bombard               Conj/Erth      37%        9d6       1%          6
i - Infestation           Necr           58%        N/A       1%          8
j - Haunt                 Necr/Summ      50%        N/A       1%          7
k - Sublimation of Blood  Necr           100%       N/A       0%          2
l - Irradiate             Conj/Alch      29%        3d21      1%          5
A - Death's Door          Necr           58%        N/A       1%          9

Your spell library contained the following spells:

 Spells                   Type           Power      Damage    Failure   Level
 Kiss of Death            Conj/Necr      100%       2d13      0%          1
 Magic Dart               Conj           100%       1d8       0%          1
 Necrotise                Necr           100%       1d9       0%          1
 Sandblast                Erth           100%       2d20      0%          1
 Sting                    Conj/Alch      100%       1d9       0%          1
 Summon Small Mammal      Summ           100%       N/A       0%          1
 Call Imp                 Summ           100%       N/A       0%          2
 Cigotuvi's Dreadful Rot  Necr/Alch/Air  100%       N/A       0%          2
 Call Canine Familiar     Summ           64%        N/A       0%          3
 Fugue of the Fallen      Necr           100%       N/A       0%          3
 Hailstorm                Conj/Ice       64%        3d12      0%          3
 Passwall                 Erth           77%        N/A       0%          3
 Stone Arrow              Conj/Erth      100%       3d13      0%          3
 Animate Armour           Summ/Erth      100%       N/A       0%          4
 Animate Dead             Necr           100%       N/A       0%          4
 Brom's Barrelling Bould  Conj/Erth      74%        2d9       0%          4
 Martyr's Knell           Necr/Summ      100%       N/A       0%          4
 Curse of Agony           Necr           100%       N/A       0%          5
 Lee's Rapid Deconstruct  Erth           38%        3d19*     0%          5
 Death Channel            Necr           58%        N/A       0%          6
 Apportation              Tloc           44%        N/A       1%          1
 Foxfire                  Conj/Fire      100%       2x1d9     1%          1
 Blink                    Tloc           44%        N/A       1%          2
 Ensorcelled Hibernation  Hex/Ice        100%       N/A       1%          2
 Jinxbite                 Hex            66%        N/A       1%          2
 Lesser Beckoning         Tloc           44%        N/A       1%          2
 Mercury Vapours          Alch/Air       60%        N/A       1%          2
 Static Discharge         Conj/Air       100%       3-8/arc   1%          2
 Dazzling Flash           Conj/Hex       100%       N/A       1%          3
 Mephitic Cloud           Conj/Alch/Air  48%        N/A       1%          3
 Anguish                  Hex/Necr       54%        N/A       1%          4
 Flame Wave               Conj/Fire      52%        2d13      1%          4
 Fulminant Prism          Conj/Alch      29%        3d13      1%          4
 Iskenderun's Mystic Bla  Conj/Tloc      52%        2d11      1%          4
 Leda's Liquefaction      Alch/Erth      30%        N/A       1%          4
 Olgreb's Toxic Radiance  Alch           38%        N/A       1%          4
 Summon Lightning Spire   Summ/Air       47%        N/A       1%          4
 Arcjolt                  Conj/Air       26%        1d36      1%          5
 Fireball                 Conj/Fire      26%        3d12      1%          5
 Freezing Cloud           Conj/Ice/Air   26%        6-21      1%          5
 Iskenderun's Battlesphe  Conj           71%        2d12      1%          5
 Orb of Destruction       Conj           35%        9d10      1%          7
 Borgnjor's Revivificati  Necr           58%        N/A       1%          8
 Summon Mana Viper        Hex/Summ       63%        N/A       2%          5
 Confusing Touch          Hex            33%        N/A       3%          3
 Gell's Gravitas          Tloc           22%        N/A       3%          3
 Inner Flame              Hex/Fire       33%        N/A       3%          3
 Sigil of Binding         Hex            33%        N/A       3%          3
 Swiftness                Air            22%        N/A       3%          3
 Teleport Other           Tloc           22%        N/A       3%          3
 Tukima's Dance           Hex            33%        N/A       3%          3
 Volatile Blastmotes      Fire/Tloc      44%        2d13      3%          3
 Spellforged Servitor     Conj/Summ      34%        N/A       3%          7
 Ignite Poison            Fire/Alch      30%        N/A       4%          4
 Sticky Flame             Fire/Alch      30%        2d7       4%          4
 Metabolic Englaciation   Hex/Ice        28%        N/A       4%          5
 Alistair's Intoxication  Alch           25%        N/A       5%          5
 Monstrous Menagerie      Summ           32%        N/A       7%          7
 Summon Hydra             Summ           32%        N/A       7%          7
 Conjure Ball Lightning   Conj/Air       26%        3x3d7     8%          6
 Starburst                Conj/Fire      26%        6d8       8%          6
 Lehudib's Crystal Spear  Conj/Erth      37%        10d9      8%          8
 Airstrike                Air            11%        2d(2-18)  11%         4
 Dimensional Bullseye     Hex/Tloc       16%        N/A       11%         4
 Vhi's Electric Charge    Tloc/Air       44%        N/A       11%         4
 Sculpt Simulacrum        Ice/Alch       24%        N/A       12%         6
 Yara's Violent Unravell  Hex/Alch       23%        3d10      13%         5
 Ozocubu's Refrigeration  Ice            28%        4d13      24%         7
 Silence                  Hex/Air        16%        N/A       32%         5
 Eringya's Noxious Bog    Alch           19%        4d6       32%         6
 Summon Horrible Things   Summ           32%        N/A       50%         8
 Malign Gateway           Summ/Tloc      23%        N/A       63%         7
 Dispersal                Tloc           11%        N/A       88%         6
 Plasma Beam              Fire/Air       11%        2x1d22    88%         6
 Enfeeble                 Hex            16%        N/A       100%        7
 Discord                  Hex            16%        N/A       100%        8
 Disjunction              Tloc           11%        N/A       100%        8
 Maxwell's Capacitive Co  Air            11%        ∞         100%        8


Dungeon Overview and Level Annotations

Branches:
Dungeon (15/15)            Temple (1/1) D:5            Lair (5/5) D:8
  Swamp (4/4) Lair:2        Snake (4/4) Lair:3        Slime (5/5) Lair:5
    Orc (2/2) D:11            Elf (3/3) Orc:2        Vaults (5/5) D:14
  Crypt (3/3) Vaults:2       Tomb (0/3) Crypt:3      Depths (4/4) D:15
    Zot (5/5) Depths:4    Ossuary (visited)           IceCv (visited)
Gauntlet (visited)

Altars:
Ashenzari
Cheibriados
Dithmenos
Fedhas
Gozag
Hepliaklqana
Kikubaaqudgha
Makhleb
Nemelex Xobeh
Okawaru
Qazlal
Ru
Sif Muna
Trog
Uskayaw
Vehumet
Wu Jian
Xom
Yredelemnul
Jiyva

Shops:
D:3 :[   D:8 ?:(   D:12 (   D:14 *   Orc:2 :*([   Elf:2 [[   Elf:3 [
Snake:2 (   Snake:4 :

Portals:
Hell: Depths:1 Depths:2 Depths:3 Depths:4
Abyss: Depths:1 Depths:3
Pandemonium: Depths:2
Ziggurat: Depths:4
Trove: Depths:4 (give +3 shadow dragon scales)

Annotations:
D:3 1 runed translucent door, Crazy Yiuf, Grinder
D:4 4 runed translucent doors
D:14 3 runed translucent doors
Lair:2 1 runed translucent door, Qoesoec's ghost, journeyman GrFi
Lair:3 exclusion: oklob plant
Elf:2 6 runed translucent doors, Fife's ghost, adept VSEn
Vaults:3 2 transporters, exclusion: 2 orange crystal statues, Faydane's ghost, veteran HuFi; Switch's ghost, veteran DDFi; Vatovie's ghost, veteran MiFi
Crypt:1 2 runed translucent doors, Teduw's ghost, veteran MiGl
Zot:5 1 exclusion


Innate Abilities, Weirdness & Mutations

You have a pair of large horns on your head.
You are powered by pain.
You are completely covered in sharp spines.
Your melee attacks may debilitate your foes.
When seriously injured, your blood forms very thick armour. (AC +0)
Your hexes are more powerful.
You are surrounded by an aura of silence.
You are agile. (Dex +4, Str/Int -1)
Your flesh is cold resistant. (rC+)
You passively map a small area around you.
You are robust. (+10% HP)
You are weak. (Str -2)
Your spells are a little easier to cast, but a little less powerful.


Message History

The lich closely misses you.
Your life force feels restored.
Unknown command.
Sorizuga gestures.
A dragon appears.
Casting: Irradiate (mildly dangerous; 1% risk of failure)
Confirm with . or Enter, or press ? or * to list all spells.
You erupt in a fountain of uncontrolled magic!
The lich is blasted with magical radiation!!
The lich is almost destroyed.
You are lightly contaminated with residual magic.
The lich barely misses you.
The lich gestures wildly while chanting.
The lich flickers and vanishes for a moment.
There is a stone staircase leading up here.
Sorizuga is struck by your spines. Sorizuga hits you.
You climb upwards.
There is a stone staircase leading down here.
A hellion comes into view.
Unknown command.
Casting: Irradiate (mildly dangerous; 1% risk of failure)
Confirm with . or Enter, or press ? or * to list all spells.
Aiming: Haunt (mildly dangerous; 1% risk of failure)
Press: ? - help, Dir - move target, f - hellion
Aim: a hellion You feel a surge of power!
Insubstantial figures form in the air.
An Orb Guardian comes into view.
Unknown command.
You swap places.
The hellion closely misses your freezing wraith.
Your freezing wraith hits the hellion!
Your freezing wraith freezes the hellion!
Your freezing wraith hits the hellion!
Unknown command.
The sphere of damnation explodes!
The damnation engulfs your freezing wraith! x2
The damnation engulfs your wraith!!
You hear the wailing of the damned!
There is a staircase leading out of the dungeon here.
You have escaped!

#........................######..
......######..########.#.........
......# #..# #.#########. ###...#
#..# #.# #> ###...##
#..########.# #. .......#
#...........# #######. ##...#.#
##.########## #....... ##.#.#.#
####### #.###### ##...#.#
####8@8#### #.# ....##W#
##.........## #.#
##..##W####8.........8# #.#
.....W2...#...8...8...# #.#
##..##.####8.........8# #.#
..(...W...##......Y..### #.#
##..##.###.............# #.#
#..##.# ########.#.#.## #.#
#..##.# #.....####.#


You could see a hellephant.

Vanquished Creatures
  A dread lich (Zot:5)
  2 ancient liches
  3 orbs of fire
  Xtahua (Crypt:1)
  Boris (Crypt:1)
  Bai Suzhen (Snake:3)
  3 curse toes
  6 golden dragons
  3 bone dragons
  2 electric golems
  the Enchantress (Depths:3)
  Jorgrun (Orc:2)
  3 deep elf blademasters
  15 Orb Guardians
  5 liches
  3 tentacled monstrosities
  4 quicksilver dragons
  4 acid blobs
  A tentacled starspawn (Abyss:2)
  An Executioner (D:8)
  2 sphinxes
  8 death cobs
  The ghost of xzight the Severer, an adept MiBe of Trog (Swamp:2)
  2 shadow dragons (Vaults:5)
  7 tengu reavers
  13 storm dragons
  A nagaraja (Snake:4)
  3 rockslimes
  7 draconian shifters
  3 protean progenitors
  3 frost giants
  5 draconian knights
  6 draconian monks
  5 azure jellies
  A fire giant (Depths:4)
  2 deep elf sorcerers
  2 vault wardens
  A draconian scorcher (Zot:1)
  2 ghost moths
  A balrug (Abyss:3)
  A caustic shrike zombie (Abyss:3)
  A deep elf elementalist (Elf:2)
  2 orc warlords (Orc:1)
  A draconian stormcaller (Zot:4)
  3 ghouls
  7 ironbound preservers
  A juggernaut skeleton (Crypt:3)
  5 very ugly things
  A broodmother (Zot:1)
  4 formless jellyfish
  6 quicksilver oozes
  3 spriggan defenders
  2 stone giants
  2 dire elephants (Vaults:4)
  A starflower (Abyss:3)
  3 draconian annihilators
  3 eleionomae
  4 deep elf annihilators
  An ironbound thunderhulk (Vaults:1)
  5 vampire knights
  6 black draconians
  4 deep elf death magi
  9 green draconians
  A deep elf demonologist (Elf:2)
  2 lorocyprocas (Abyss:3)
  7 red draconians
  2 war gargoyles
  Azrael (Orc:1)
  6 purple draconians
  4 yellow draconians
  4 bunyips
  A minotaur (Gauntlet)
  A spark wasp (Depths:2)
  5 white draconians
  2 fire dragons
  3 eidola
  7 ettins
  Josephine (Lair:3)
  A shambling mangrove (Swamp:1)
  8 jiangshi
  A deep elf high priest (Vaults:3)
  2 great orbs of eyes
  A spriggan zombie (Crypt:3)
  3 yaktaur captains
  2 caustic shrike simulacra (IceCv)
  Fannar (D:11)
  A hell beast (D:4)
  An entropy weaver (shapeshifter) (D:13)
  15 vault guards
  8 hydras
  An ogre mage (D:14)
  5 ironbound frosthearts
  5 anacondas
  3 catoblepae
  A spriggan skeleton (Crypt:3)
  A peacekeeper (Vaults:4)
  Erica (D:10)
  3 ice dragons
  5 alligators
  3 boulder beetles
  A centaur warrior (D:13)
  16 dancing weapons
  4 two-headed ogres
  A hell hog (Lair:5)
  2 deep troll shamans
  2 tengu warriors (Depths:1)
  5 naga warriors
  4 shock serpents
  Urug (Lair:2)
  2 spriggan berserkers (Depths:4)
  5 vampire magi
  An occultist (D:15)
  11 hell knights
  7 orc high priests
  A soul eater (D:12)
  4 thrashing horrors
  3 naga sharpshooters
  Sonja (Lair:2)
  5 sun demons
  Nergalle (Lair:1)
  4 deep elf knights
  2 sixfirhies
  A death drake (Gauntlet)
  2 goliath frogs (Swamp:2)
  3 skysharks (Vaults:4)
  A deep troll (shapeshifter) (Vaults:5)
  3 spriggan druids
  20 deep trolls
  14 skeletal warriors
  2 flayed ghosts
  An iron troll (Vaults:5)
  A spriggan rider (Swamp:1)
  2 mana vipers (Snake:2)
  4 arcanists
  A swamp dragon (Swamp:4)
  7 bog bodies
  2 ironbound convokers
  A golden dragon skeleton (Crypt:3)
  3 fenstrider witch simulacra (Swamp:2)
  5 deep elf archers
  A harpy (Vaults:1)
  A spectral wolf spider (Gauntlet)
  6 orc knights
  An iron giant skeleton (Crypt:3)
  5 lindwurms
  3 glowing orange brains
  4 necromancers
  9 ugly things
  9 phantasmal warriors
  A wolf spider (Lair:5)
  8 deep elf zephyrmancers
  4 manticores
  2 will-o-the-wisps (Swamp:2)
  7 salamanders
  7 orc sorcerers
  16 deep elf pyromancers
  13 moths of wrath
  5 vault sentinels
  A frost giant skeleton (Crypt:2)
  2 smoke demons (Abyss:3)
  3 meliai (D:14)
  2 kobold blastminers
  7 guardian serpents
  3 naga magi
  A torpor snail (Lair:5)
  16 black mambas
  4 gargoyles
  A moth of wrath (shapeshifter) (Vaults:5)
  17 cane toads
  An ice statue (Gauntlet)
  12 large abominations
  A naga skeleton (Crypt:3)
  A red draconian zombie (Crypt:1)
  A freezing wraith (Vaults:5)
  A rime drake (Gauntlet)
  An unseen horror (D:12)
  5 kobold demonologists
  An ice devil (Abyss:3)
  A grey draconian skeleton (Crypt:1)
  9 komodo dragons
  A yaktaur (Vaults:4)
  An alligator snapping turtle skeleton (Crypt:3)
  A spectral death drake (Swamp:2)
  An anaconda simulacrum (IceCv)
  4 tengu conjurers
  A golden dragon simulacrum (IceCv)
  13 polar bears
  A swamp worm zombie (Swamp:4)
  3 ancient zymes (Abyss:3)
  2 trolls
  A queen bee (Orc:1)
  2 harpy skeletons (Crypt:3)
  A hellwing (Abyss:3)
  5 tyrant leeches
  2 hydra zombies
  10 hornets
  A blink frog (shapeshifter) (Depths:3)
  7 raiju
  A saltling (Vaults:2)
  11 dream sheep
  A glass eye (Lair:5)
  30 slime creatures
  An air elemental (Elf:1)
  2 fire dragon zombies
  A jumping spider (shapeshifter) (D:14)
  Sigmund (D:4)
  4 spriggans
  2 shadows
  A vampire (D:14)
  10 wraiths
  2 ynoxinuls (Abyss:3)
  2 fire bats (Abyss:2)
  16 wyverns
  10 starcursed masses
  6 water elementals
  4 fire elementals
  A steam dragon (D:8)
  59 yaks
  3 golden eyes
  3 humans (D:14)
  A human (shapeshifter) (Elf:2)
  3 redbacks (Lair:5)
  4 basilisks
  8 wargs
  2 spriggan simulacra (Swamp:2)
  12 vampire mosquitoes
  A neqoxec (Abyss:3)
  An acid dragon (D:14)
  2 harpy simulacra
  10 nagas
  6 swamp worms
  2 hydra simulacra (IceCv)
  16 water moccasins
  A nameless horror (Vaults:4)
  18 hell hounds
  2 hornet zombies (Gauntlet)
  19 orc warriors
  An ice beast (D:7)
  2 sky beasts
  2 ettin simulacra (IceCv)
  23 laughing skulls
  A swamp drake (Swamp:1)
  6 small abominations
  8 ogres
  16 black bears
  25 wolves
  2 swamp dragon zombies (Swamp:4)
  2 centaurs
  3 phantoms
  A dream sheep skeleton (Crypt:1)
  2 weeping skulls (Abyss:3)
  2 brain worms (Abyss:3)
  3 kobold brigands
  15 bullfrogs
  2 gnoll sergeants
  A necrophage (Crypt:3)
  A bullfrog (shapeshifter) (Abyss:2)
  12 scorpions
  6 wights
  23 killer bees (Orc:1)
  5 howler monkeys
  3 electric eels
  2 lava snakes
  3 quasits (Abyss:3)
  7 hounds
  19 orc priests
  3 bombardier beetles
  3 gnoll boudas
  2 human zombies (Ossuary)
  2 iron imps (Abyss:3)
  4 scorpion zombies (Ossuary)
  An iguana (D:5)
  2 sleepcaps
  21 orc wizards
  A hound zombie (Crypt:1)
  A mummy (D:5)
  18 gnolls
  9 adders
  A steam dragon skeleton (Crypt:1)
  4 shadow imps (Gauntlet)
  2 white imps
  An ufetubus (Abyss:3)
  An adder zombie (Ossuary)
  3 ribbon worms
  3 dart slugs
  74 orcs
  6 endoplasms
  3 giant cockroaches
  6 goblins
  5 hobgoblins
  3 jackals (D:2)
  4 quokkas
  5 ball pythons
  2 ball python zombies (Ossuary)
  7 bats
  2 frilled lizards
  A goblin zombie (Crypt:1)
  A jackal zombie (Ossuary)
  10 kobolds
  A kobold skeleton (Crypt:2)
  7 orc zombies
  7 rats
  An aspiring flesh (Zot:1)
  A starspawn tentacle (Abyss:2)
1441 creatures vanquished.

Vanquished Creatures (collateral kills)
  the Royal Jelly (Slime:5)
  6 dread liches
  2 ancient liches
  3 orbs of fire
  Saint Roka (Snake:3)
  3 Killer Klowns (Zot:5)
  Vashnia (Snake:2)
  A curse toe (Zot:4)
  Margery (Depths:4)
  Norris (Vaults:4)
  4 bone dragons
  6 golden dragons
  2 electric golems
  Rupert (Orc:1)
  10 tentacled monstrosities
  A walking crystal tome (Depths:3)
  Zenata (Elf:3)
  2 liches
  11 Orb Guardians
  2 deep elf master archers (Elf:3)
  7 titans
  4 deep elf blademasters
  8 acid blobs
  5 sphinxes
  A tentacled starspawn (Abyss:3)
  7 shadow dragons
  Frances (D:12)
  2 nagarajas
  2 tengu reavers (Vaults:5)
  A daeva (Abyss:3)
  A revenant (Crypt:1)
  8 azure jellies
  8 storm dragons
  Donald (Crypt:2)
  2 draconian monks
  3 protean progenitors
  10 rockslimes
  11 vault wardens
  6 draconian shifters
  8 deep elf sorcerers
  2 fire giants
  An iron dragon (Vaults:5)
  3 frost giants
  A ghost moth (Zot:5)
  A curse skull (Crypt:1)
  4 draconian scorchers
  4 deep elf elementalists (Elf:3)
  A balrug (Depths:3)
  An angel (D:7)
  3 draconian stormcallers
  An orc warlord (Vaults:2)
  2 reapers
  5 ghouls
  6 ironbound thunderhulks
  6 draconian annihilators
  13 ironbound preservers
  14 very ugly things
  13 formless jellyfish
  6 quicksilver oozes
  A juggernaut skeleton (Crypt:3)
  9 stone giants
  10 green draconians
  3 starflowers (Abyss:3)
  7 black draconians
  4 eleionomae
  12 dire elephants
  6 war gargoyles
  5 deep elf demonologists (Elf:3)
  6 white draconians
  4 deep elf annihilators
  6 bunyips
  3 deep elf death magi (Elf:3)
  10 red draconians
  11 yellow draconians
  5 spark wasps
  9 purple draconians
  An eidolon (Crypt:1)
  3 fire dragons
  9 ettins
  2 jiangshi (Crypt:2)
  A green death (Abyss:3)
  3 crystal guardians (Crypt:3)
  6 deep elf high priests
  13 yaktaur captains
  6 great orbs of eyes
  7 salamander tyrants
  A hell beast (D:4)
  A fenstrider witch zombie (Crypt:3)
  4 hydras
  A spriggan skeleton (Abyss:3)
  A caustic shrike simulacrum (IceCv)
  3 ice dragons (Depths:2)
  A peacekeeper (Vaults:3)
  14 vault guards
  6 rakshasas
  7 anacondas
  A spriggan air mage (Depths:3)
  10 centaur warriors
  2 ironbound frosthearts
  A death knight (Crypt:1)
  3 ogre magi (Vaults:5)
  A ghost crab (Swamp:4)
  5 alligators
  12 dancing weapons
  A vampire mage (Crypt:2)
  5 deep troll shamans
  11 naga warriors
  An orc high priest (Orc:2)
  4 deep troll earth magi
  A bennu skeleton (Crypt:2)
  2 spriggan berserkers (Depths:3)
  A soul eater (Crypt:2)
  4 thrashing horrors
  10 hell knights
  11 naga sharpshooters
  An occultist (Depths:2)
  2 sun demons
  6 deep elf knights
  A wretched star (Abyss:3)
  A skyshark (Vaults:4)
  4 shock serpents
  6 salamander mystics
  12 skeletal warriors
  An iron troll (Depths:4)
  A sea snake (shapeshifter) (Vaults:5)
  4 mana vipers
  A golden dragon zombie (Crypt:3)
  2 goliath frogs
  2 spriggan druids (Swamp:1)
  5 glowing orange brains
  A mana viper (shapeshifter) (Elf:2)
  A flayed ghost (Depths:3)
  A swamp dragon (shapeshifter) (Vaults:5)
  4 naga ritualists
  6 bog bodies
  42 deep trolls
  2 swamp dragons
  4 orange crystal statues
  5 arcanists
  9 ironbound convokers
  4 deep elf archers (Elf:2)
  A spectral hydra (Swamp:4)
  14 deep elf zephyrmancers
  2 spectral alligators (Swamp:4)
  2 alligator zombies (Swamp:4)
  A lindwurm (Vaults:2)
  A wolf spider (shapeshifter) (Vaults:5)
  4 harpies (Vaults:1)
  4 deep elf pyromancers
  A lindwurm (shapeshifter) (Depths:3)
  6 necromancers
  4 orc knights
  9 shining eyes
  2 spectral spriggans (Swamp:2)
  7 moths of wrath
  19 salamanders
  5 will-o-the-wisps
  3 cyclopes
  14 ugly things
  9 large abominations
  8 guardian serpents
  A kobold blastminer (Orc:1)
  14 vault sentinels
  9 black mambas
  13 naga magi
  A torpor snail (shapeshifter) (Vaults:5)
  3 eyes of devastation
  A water nymph (shapeshifter) (Vaults:3)
  An ice statue (Swamp:3)
  A gargoyle (D:12)
  An apocalypse crab (Abyss:3)
  8 starcursed masses (Abyss:3)
  9 smoke demons
  2 nameless horrors
  A cane toad (Lair:2)
  4 freezing wraiths
  An alligator snapping turtle skeleton (Crypt:2)
  2 tengu conjurers
  3 swamp worm zombies (Swamp:4)
  20 yaktaurs
  A spectral death drake (Swamp:2)
  3 hydra zombies (Swamp:4)
  3 ancient zymes
  2 golden dragon simulacra (IceCv)
  A minotaur skeleton (Crypt:1)
  A saltling (Vaults:2)
  2 hornets
  A hellwing (Abyss:3)
  4 tyrant leeches
  2 glass eyes
  2 raiju
  4 spectral swamp dragons (Swamp:4)
  A dream sheep (Lair:4)
  84 slime creatures
  A jumping spider (shapeshifter) (Vaults:5)
  2 ynoxinuls
  An air elemental (Elf:3)
  A spriggan (shapeshifter) (Elf:2)
  2 fire bats (Abyss:2)
  A wraith (Crypt:1)
  10 small abominations
  6 spriggans
  A water elemental (Depths:1)
  4 golden eyes
  5 tyrant leech zombies (Swamp:4)
  5 neqoxecs
  2 yaks
  A fire elemental (Orc:2)
  2 dire elephant simulacra (IceCv)
  8 vampire mosquitoes
  A spriggan simulacrum (Swamp:2)
  3 chaos spawn (Abyss:3)
  33 nagas
  8 swamp worms
  A swamp worm (shapeshifter) (D:15)
  A harpy simulacrum (IceCv)
  A hydra simulacrum (IceCv)
  A water moccasin (Lair:1)
  An ettin simulacrum (IceCv)
  4 swamp drakes
  21 laughing skulls
  9 orc warriors
  A swamp dragon zombie (Swamp:4)
  4 boggarts (Vaults:1)
  2 ogres (Orc:2)
  An elephant skeleton (Crypt:2)
  A manticore skeleton (Crypt:2)
  A centaur (D:6)
  A yaktaur zombie (Crypt:2)
  2 kobold brigands
  3 phantoms (Swamp:4)
  2 weeping skulls (Abyss:3)
  2 brain worms (Abyss:3)
  A necrophage (Crypt:3)
  2 wights (D:8)
  2 earth elementals (Elf:3)
  A water moccasin skeleton (Crypt:2)
  An electric eel (Elf:3)
  A quasit (Abyss:3)
  An orc priest (Snake:3)
  A hound (D:6)
  2 iron imps (Abyss:3)
  2 sleepcaps
  2 orc wizards (Snake:3)
  3 mummies (Ossuary)
  A howler monkey skeleton (Crypt:1)
  A white imp (Abyss:3)
  7 orcs
  An endoplasm zombie (Crypt:2)
  A gnoll zombie (Crypt:2)
  A lurking horror (Abyss:3)
  A starspawn tentacle (Abyss:3)
1168 creatures vanquished.

Vanquished Creatures (others)
  2 stone giants (Vaults:5)
  A red draconian (Zot:3)
  A ghost crab (Swamp:4)
  A spriggan air mage (Depths:4)
  An ogre mage (Vaults:5)
  A deep elf zephyrmancer (Elf:2)
  A black mamba (Snake:4)
  A vault sentinel (Vaults:5)
  6 bloated husks
  An air elemental (Elf:2)
  A vampire mosquito (Swamp:2)
  2 phantoms (Swamp:4)
  19 foxfires
  A lurking horror (Abyss:3)
  A spectral weapon (Lair:3)
  2 starspawn tentacles
42 creatures vanquished.

Grand Total: 2651 creatures vanquished

Notes
Turn   | Place    | Note
-------+----------+-------------------------------------------
     0 | D:1      | Kallu the Demonspawn Ice Elementalist began the quest for
                  | the Orb.
     0 | D:1      | Reached XP level 1. HP: 13/13 MP: 3/3
   165 | D:1      | Gained mutation: When seriously injured, your blood forms
                  | armour. (AC +0) [demonic ancestry]
   165 | D:1      | Reached XP level 2. HP: 16/19 MP: 0/5
   484 | D:1      | Found a faded altar of an unknown god.
   695 | D:1      | Reached XP level 3. HP: 19/24 MP: 7/7
   699 | D:1      | Learned a level 3 spell: Frozen Ramparts
  1099 | D:2      | Learned a level 3 spell: Ozocubu's Armour
  1451 | D:2      | Gained mutation: You are partially covered in sharp spines.
                  | [demonic ancestry]
  1451 | D:2      | Reached XP level 4. HP: 14/30 MP: 5/9
  1742 | D:3      | Found Zeofekk's Book Shop.
  1804 | D:3      | Found a burning altar of Makhleb.
  1939 | D:3      | Gained mutation: You sometimes gain a little power by
                  | taking damage. [demonic ancestry]
  1939 | D:3      | Reached XP level 5. HP: 33/35 MP: 6/10
  2087 | D:3      | Found a runed translucent door.
  2088 | D:3      | Noticed Crazy Yiuf
  2127 | D:3      | Found Nerek's Antique Armour Emporium.
  2340 | D:3      | Reached skill level 5 in Ice Magic
  2442 | D:3      | Noticed Grinder
  2488 | D:4      | You fall into a shaft and drop 1 floor!
  2488 | D:5      | Entered Level 5 of the Dungeon
  2562 | D:5      | Found a sand-covered staircase.
  2592 | Ossuary  | Entered an ossuary
  2638 | Ossuary  | Reached skill level 1 in Fighting
  2726 | Ossuary  | Gained mutation: You sometimes gain power by taking damage.
                  | [demonic ancestry]
  2726 | Ossuary  | Reached XP level 6. HP: 39/46 MP: 5/11
  3039 | Ossuary  | Gained mutation: You are mostly covered in sharp spines.
                  | [demonic ancestry]
  3039 | Ossuary  | Reached XP level 7. HP: 39/54 MP: 12/12
  3104 | Ossuary  | Learned a level 3 spell: Summon Ice Beast
  3454 | Ossuary  | Reached skill level 5 in Spellcasting
  3454 | Ossuary  | Reached skill level 1 in Summonings
  3588 | Ossuary  | Reached XP level 8. HP: 60/60 MP: 12/15
  3991 | D:4      | Noticed Sigmund
  4005 | D:4      | Killed Sigmund
  4276 | D:4      | Found a large runed translucent door.
  4276 | D:4      | Found a large runed translucent door.
  4385 | D:4      | Found the ring of the Octopus King
  4391 | D:4      | Found a large runed translucent door.
  4391 | D:4      | Found a large runed translucent door.
  4872 | D:5      | Found Zijiompy's General Store.
  5153 | D:5      | Gained mutation: You are powered by pain. [demonic
                  | ancestry]
  5153 | D:5      | Reached XP level 9. HP: 62/65 MP: 19/19
  5427 | D:5      | Found a staircase to the Ecumenical Temple.
  5508 | Temple   | Entered the Ecumenical Temple
  5516 | Temple   | Became a worshipper of Kikubaaqudgha
  6050 | D:6      | Found a hide-covered altar of Uskayaw.
  6111 | D:6      | Found a hazy altar of Hepliaklqana.
  6122 | D:6      | Found a basalt altar of Yredelemnul.
  6302 | D:6      | Reached skill level 1 in Necromancy
  6446 | D:6      | Found an opulent altar of Gozag.
  6662 | D:7      | Reached skill level 2 in Necromancy
  6762 | D:7      | Reached skill level 4 in Necromancy
  6795 | D:7      | Reached skill level 5 in Necromancy
  6808 | D:7      | Reached * piety under Kikubaaqudgha
  6808 | D:7      | Received a gift from Kikubaaqudgha
  6813 | D:7      | Learned a level 3 spell: Vampiric Draining
  6954 | D:7      | Reached skill level 6 in Necromancy
  7317 | D:3      | Bought a jewelled helmet for 180 gold pieces
  7317 | D:3      | Identified the +1 helmet of the Sharp God {-Cast Will+
                  | Dex+8 Stlth+} (You bought it in a shop on level 3 of the
                  | Dungeon)
  7320 | D:3      | Bought an ichor-stained robe for 108 gold pieces
  7320 | D:3      | Identified the +2 robe of Card Tricks {Harm rElec Will+++
                  | Slay-3} (You bought it in a shop on level 3 of the Dungeon)
  7896 | D:7      | Reached skill level 7 in Necromancy
  7896 | D:7      | Reached XP level 10. HP: 53/71 MP: 16/20
  7903 | D:7      | Reached skill level 8 in Necromancy
  8189 | D:8      | Found Giacvuc's Book Emporium.
  8291 | D:8      | Found Alaigan's Magic Scroll Emporium.
  8297 | D:8      | Bought a scroll of blinking for 112 gold pieces
  8476 | D:8      | Found a sparkling altar of Nemelex Xobeh.
  8607 | D:8      | Reached skill level 9 in Necromancy
  8764 | D:8      | Reached skill level 10 in Necromancy
  8826 | D:8      | Found Uklaudd's Weapon Shoppe.
  9091 | D:8      | Reached ** piety under Kikubaaqudgha
  9384 | D:8      | Reached skill level 5 in Dodging
  9524 | D:8      | Found a staircase to the Lair.
  9817 | Lair:1   | Entered Level 1 of the Lair of Beasts
  9874 | Lair:1   | Reached XP level 11. HP: 76/77 MP: 4/21
 10661 | Lair:1   | Noticed Nergalle
 10672 | Lair:1   | Killed Nergalle
 10679 | Lair:1   | Reached *** piety under Kikubaaqudgha
 10679 | Lair:1   | Received a gift from Kikubaaqudgha
 10767 | Lair:1   | Learned a level 5 spell: Borgnjor's Vile Clutch
 10797 | Lair:1   | Reached skill level 5 in Fighting
 11185 | Lair:1   | Reached skill level 1 in Earth Magic
 12198 | Lair:2   | Noticed a catoblepas
 12204 | Lair:2   | Noticed Urug
 12228 | Lair:2   | Killed a catoblepas
 12229 | Lair:2   | Gained mutation: When seriously injured, your blood forms
                  | thick armour. (AC +0) [demonic ancestry]
 12229 | Lair:2   | Reached XP level 12. HP: 48/88 MP: 7/25
 12357 | Lair:2   | Killed Urug
 12358 | Lair:2   | Reached skill level 5 in Earth Magic
 12549 | Lair:2   | Noticed Sonja
 12558 | Lair:2   | Killed Sonja
 12746 | Lair:2   | Found a runed translucent door.
 12753 | Lair:2   | Noticed Qoesoec's ghost (journeyman GrFi)
 12779 | Lair:2   | Reached **** piety under Kikubaaqudgha
 13727 | Lair:2   | Found a staircase to the Swamp.
 13810 | Lair:3   | Noticed a catoblepas
 13827 | Lair:3   | Killed a catoblepas
 14287 | Lair:3   | Found a staircase to the Snake Pit.
 14366 | Lair:3   | Noticed a boulder beetle
 14374 | Lair:3   | Killed a boulder beetle
 14375 | Lair:3   | Reached skill level 11 in Necromancy
 14675 | Lair:2   | Learned a level 4 spell: Dispel Undead
 14780 | Lair:3   | Noticed Josephine
 14803 | Lair:3   | Killed Josephine
 14804 | Lair:3   | Reached skill level 12 in Necromancy
 14938 | Lair:3   | You fall into a shaft and drop 1 floor!
 14941 | Lair:4   | Noticed a seven-headed hydra
 15375 | Lair:4   | Killed a seven-headed hydra
 15511 | Lair:4   | Identified the +1 chain mail of the Vestibule of Hell
                  | {Str+3}
 16405 | Lair:5   | Entered Level 5 of the Lair of Beasts
 16410 | Lair:5   | Reached skill level 13 in Necromancy
 16420 | Lair:4   | Gained mutation: You have a pair of small horns on your
                  | head. [demonic ancestry]
 16420 | Lair:4   | Reached XP level 13. HP: 52/93 MP: 17/26
 16664 | Lair:5   | Found a staircase to the Slime Pits.
 16666 | Lair:5   | Found a viscous altar of Jiyva.
 17128 | Lair:5   | Reached ***** piety under Kikubaaqudgha
 17156 | Lair:5   | Reached skill level 14 in Necromancy
 18245 | Lair:5   | Reached skill level 10 in Spellcasting
 19992 | Lair:5   | Reached skill level 10 in Dodging
 20572 | Lair:5   | Gained mutation: You have a pair of horns on your head.
                  | [demonic ancestry]
 20572 | Lair:5   | Reached XP level 14. HP: 94/101 MP: 22/29
 21365 | D:9      | Reached ****** piety under Kikubaaqudgha
 21377 | D:9      | Received a gift from Kikubaaqudgha (forbidden knowledge)
 22295 | D:10     | Entered Level 10 of the Dungeon
 22335 | D:10     | Noticed Erica
 22350 | D:10     | Killed Erica
 22351 | D:10     | Reached skill level 1 in Conjurations
 23878 | D:11     | Found a staircase to the Orcish Mines.
 23963 | D:11     | Reached skill level 5 in Conjurations
 24063 | D:11     | Learned a level 6 spell: Bombard
 25260 | D:12     | Found Pienegaf's Weapon Shoppe.
 25311 | D:12     | Noticed Frances
 25971 | D:12     | Killed Frances
 26275 | D:12     | Identified the ring "Wiqaf" {rElec rPois MP+9 Str-4 Slay+5}
 26423 | D:12     | Identified the +1 leather armour of the Gate {rC+ rCorr}
 27005 | D:13     | Found a gate leading to a gauntlet.
 27033 | Gauntlet | Entered a Gauntlet
 27033 | Gauntlet | Found a transporter.
 27033 | Gauntlet | Found a transporter.
 27095 | Gauntlet | Found a transporter.
 27095 | Gauntlet | Found a transporter.
 27104 | Gauntlet | Found a transporter.
 27125 | Gauntlet | Found a transporter.
 27133 | Gauntlet | Found a transporter.
 27133 | Gauntlet | Found a transporter.
 27157 | Gauntlet | Found a transporter.
 27164 | Gauntlet | Found a transporter.
 27202 | Gauntlet | Found a transporter.
 27236 | Gauntlet | Found a transporter.
 27251 | Gauntlet | Found a transporter.
 27353 | Gauntlet | Found a transporter.
 27369 | Gauntlet | Found a transporter.
 27382 | Gauntlet | Found a transporter.
 27681 | Gauntlet | Reached skill level 1 in Evocations
 27806 | Gauntlet | Identified the ring "Vutzaulu" {Will++ MP+9 Stlth+}
 27988 | Gauntlet | Identified the +1 pair of gloves of Murghiac {Fly rPois
                  | Int+3 Dex+2}
 28029 | Gauntlet | Identified the +4 steam dragon scales of Etoesym {Rampage
                  | Dex+3}
 28097 | Gauntlet | Identified the +2 robe of Kemirele {^Contam rElec Regen+}
 29287 | D:14     | Found Giynwy's Assorted Antiques.
 29445 | D:14     | Reached skill level 5 in Stealth
 29538 | D:14     | Gained mutation: You are completely covered in sharp
                  | spines. [demonic ancestry]
 29538 | D:14     | Reached XP level 15. HP: 86/110 MP: 17/30
 29710 | D:14     | Found a runed translucent gate.
 29749 | D:14     | Found a runed translucent gate.
 29750 | D:14     | Found a runed translucent gate.
 29884 | D:14     | Found a gate to the Vaults.
 29899 | D:14     | Reached skill level 15 in Necromancy
 30429 | D:15     | Entered Level 15 of the Dungeon
 30836 | Orc:1    | Entered Level 1 of the Orcish Mines
 30836 | Orc:1    | Noticed Fannar
 30927 | D:11     | Killed Fannar
 30945 | Orc:1    | Paralysed by an orc sorcerer for 4 turns
 31001 | Orc:1    | Found a radiant altar of Vehumet.
 31088 | Orc:1    | Reached skill level 16 in Necromancy
 31821 | Orc:2    | Entered Level 2 of the Orcish Mines
 31891 | Orc:2    | Noticed Jorgrun
 31898 | Orc:2    | Noticed Azrael
 31924 | Orc:2    | Noticed Rupert
 32030 | Orc:2    | Found Dabin's Antique Armour Emporium.
 32146 | Orc:1    | Learned a level 8 spell: Infestation
 32164 | Orc:2    | Killed Jorgrun
 32165 | Orc:2    | Reached skill level 17 in Necromancy
 32324 | Orc:1    | Paralysed by Rupert for 5 turns
 32335 | Orc:1    | Killed Rupert
 32512 | Orc:1    | Killed Azrael
 32583 | Orc:2    | Found a staircase to the Elven Halls.
 32633 | Orc:2    | Found Uciqyut's Antique Weapon Shoppe.
 32751 | Orc:2    | Reached skill level 18 in Necromancy
 32885 | Orc:2    | Found Xuikliri's General Store.
 32894 | Orc:2    | Bought a potion of curing for 42 gold pieces
 32963 | Orc:2    | Found Rimus's Book Emporium.
 33200 | D:14     | Bought a sack of spiders for 1120 gold pieces
 33500 | Snake:1  | Entered Level 1 of the Snake Pit
 33588 | Snake:1  | Reached XP level 16. HP: 96/117 MP: 31/31
 33719 | Snake:1  | Reached skill level 19 in Necromancy
 34218 | Snake:2  | Noticed Vashnia
 34230 | Snake:2  | Killed Vashnia
 34231 | Snake:2  | Reached skill level 20 in Necromancy
 34363 | Snake:2  | Found Naruq's Weapon Boutique.
 35378 | Snake:3  | Reached skill level 10 in Earth Magic
 35525 | Snake:3  | Noticed Saint Roka
 35540 | Snake:3  | Killed Saint Roka
 35703 | Snake:3  | Noticed Bai Suzhen
 35716 | Snake:3  | Killed Bai Suzhen
 36093 | Snake:3  | Reached XP level 17. HP: 122/122 MP: 32/32
 36374 | Snake:4  | Entered Level 4 of the Snake Pit
 36458 | Snake:4  | Found Cang's Book Shop.
 37009 | Snake:4  | Reached skill level 21 in Necromancy
 37153 | Snake:4  | Got a serpentine rune of Zot
 37881 | Elf:1    | Entered Level 1 of the Elven Halls
 38407 | Elf:1    | Reached skill level 22 in Necromancy
 38457 | Elf:1    | Got Feofynid's Atlas of the Volley
 38643 | Elf:2    | Found Eqeliydy's Antique Armour Shoppe.
 38657 | Elf:2    | Found a huge runed translucent gate.
 38662 | Elf:2    | Reached skill level 5 in Summonings
 38665 | Elf:2    | Found a huge runed translucent gate.
 38665 | Elf:2    | Found a huge runed translucent gate.
 38666 | Elf:2    | Found a huge runed translucent gate.
 38833 | Elf:2    | Found a huge runed translucent gate.
 38834 | Elf:2    | Found a huge runed translucent gate.
 38834 | Elf:2    | Found a huge runed translucent gate.
 38835 | Elf:2    | Found a huge runed translucent gate.
 38835 | Elf:2    | Found a huge runed translucent gate.
 38836 | Elf:2    | Found a huge runed translucent gate.
 38836 | Elf:2    | Found a huge runed translucent gate.
 38836 | Elf:2    | Found a huge runed translucent gate.
 38836 | Elf:2    | Found a huge runed translucent gate.
 38836 | Elf:2    | Found a huge runed translucent gate.
 38836 | Elf:2    | Found a huge runed translucent gate.
 38841 | Elf:2    | Found a huge runed translucent gate.
 38861 | Elf:2    | Found a huge runed translucent gate.
 38864 | Elf:2    | Found a huge runed translucent gate.
 38864 | Elf:2    | Found a huge runed translucent gate.
 38876 | Elf:2    | Found a huge runed translucent gate.
 38879 | Elf:2    | Found a huge runed translucent gate.
 38880 | Elf:2    | Found a huge runed translucent gate.
 38888 | Elf:2    | Found a huge runed translucent gate.
 38888 | Elf:2    | Found a huge runed translucent gate.
 38956 | Elf:2    | Noticed a deep elf blademaster
 38958 | Elf:2    | Paralysed by an air elemental for 1 turns
 39410 | Elf:2    | Found a runed translucent gate.
 39410 | Elf:2    | Found a runed translucent gate.
 39411 | Elf:2    | Found a runed translucent gate.
 39412 | Elf:2    | Noticed Fife's ghost (adept VSEn)
 39444 | Elf:2    | Found Just's Antique Armour Shop.
 39518 | Elf:2    | Killed a deep elf blademaster
 39519 | Elf:2    | Gained mutation: Your hexes are more powerful. [demonic
                  | ancestry]
 39519 | Elf:2    | Reached XP level 18. HP: 129/129 MP: 14/33
 39808 | Elf:2    | Found a runed translucent gate.
 39809 | Elf:2    | Found a runed translucent gate.
 39809 | Elf:2    | Found a runed translucent gate.
 40061 | Elf:2    | Identified the +9 plate armour of Loaghull {+Blink rCorr}
 40256 | Elf:2    | Identified the +2 rapier of Zin, Cursing {freeze, rElec rC+
                  | Str+5}
 40672 | Swamp:1  | Entered Level 1 of the Swamp
 41026 | Swamp:1  | Identified the +3 pair of gloves of Daffodils {Will+ rCorr
                  | SInv}
 41808 | Swamp:2  | Found a runed translucent gate.
 41808 | Swamp:2  | Found a runed translucent gate.
 41808 | Swamp:2  | Found a runed translucent gate.
 41809 | Swamp:2  | Noticed xzight's ghost (adept MiBe)
 42600 | Swamp:2  | Killed xzight's ghost
 42794 | Swamp:3  | Found a glacial archway.
 42814 | IceCv    | Entered an ice cave
 43386 | Swamp:4  | Entered Level 4 of the Swamp
 43438 | Swamp:4  | Learned a level 7 spell: Haunt
 43650 | Swamp:4  | Reached XP level 19. HP: 135/135 MP: 2/36
 43740 | Swamp:4  | Noticed a bone dragon
 43783 | Swamp:4  | Killed a bone dragon
 43910 | Swamp:4  | Reached skill level 1 in Staves
 44314 | Swamp:4  | Got a decaying rune of Zot
 44693 | Vaults:1 | Entered Level 1 of the Vaults
 45089 | Vaults:1 | Identified the +1 robe of Jussisar {rF+ Str+2 Int-4}
 45096 | Vaults:1 | Found a radiant altar of Vehumet.
 45105 | Vaults:1 | Identified the +2 hat of the Unbearable God {+Blink rF+}
 45114 | Vaults:1 | Identified the +0 hat "Hump" {rPois rC++ Str+3 Int-4}
 45117 | Vaults:1 | Identified the +1 robe of Dosy Gipetu {+Blink rElec Dex+4}
 45135 | Vaults:1 | Identified the +3 robe of Xaenaip {rElec rPois Int-2 SInv}
 45672 | Vaults:1 | Reached skill level 23 in Necromancy
 45769 | Vaults:1 | Identified a scroll of acquirement
 45783 | Vaults:1 | Acquired a book of Armaments
 46097 | Vaults:2 | Found a staircase to the Crypt.
 46915 | Vaults:2 | Identified the +3 morningstar "Newtslayer" {flame, Int+5}
 47496 | Vaults:3 | Reached skill level 10 in Fighting
 47496 | Vaults:3 | Gained mutation: You have a pair of large horns on your
                  | head. [demonic ancestry]
 47496 | Vaults:3 | Reached XP level 20. HP: 147/147 MP: 25/37
 48489 | Vaults:3 | Paralysed by a formless jellyfish for 1 turns
 48620 | Vaults:3 | Found a transporter.
 48624 | Vaults:3 | Noticed Switch's ghost (veteran DDFi)
 48627 | Vaults:3 | Noticed an ancient lich
 48674 | Vaults:3 | Found a transporter.
 48677 | Vaults:3 | Noticed Faydane's ghost (veteran HuFi)
 48677 | Vaults:3 | Noticed Vatovie's ghost (veteran MiFi)
 49440 | Vaults:4 | Noticed Norris
 49444 | Vaults:4 | Killed Norris
 49817 | Vaults:4 | Reached skill level 15 in Spellcasting
 50870 | D:15     | Found a staircase to the Depths.
 51525 | Elf:3    | Entered Level 3 of the Elven Halls
 51606 | Elf:3    | Gained mutation: Your melee attacks may debilitate your
                  | foes. [demonic ancestry]
 51606 | Elf:3    | Reached XP level 21. HP: 159/159 MP: 32/41
 51827 | Elf:3    | Found Ugoru's Armour Emporium.
 51827 | Elf:3    | Found Sethupne's Distillery.
 51954 | Elf:1    | Gained mutation: When seriously injured, your blood forms
                  | very thick armour. (AC +0) [demonic ancestry]
 51954 | Elf:1    | Reached XP level 22. HP: 165/165 MP: 42/42
 53145 | Elf:3    | Identified the +1 hand axe of Pyselyixzu {freeze, rC+ rN++
                  | Str+2 Stlth-}
 53179 | Elf:3    | Identified the +10 dagger of Saltpetre {flame, rF- Str+3
                  | Dex+5}
 53219 | Elf:3    | Identified the +1 leather armour of the Tundras {+Blink}
 53416 | Elf:3    | Reached skill level 15 in Earth Magic
 53416 | Elf:3    | Identified the +10 spear of Prudence {freeze, Str+2 Dex+6}
 53577 | Elf:3    | Noticed Zenata
 53586 | Elf:3    | Killed Zenata
 53780 | Elf:3    | Got Xixzeon's Catalogue of Chilblains
 53921 | Elf:3    | Got Wastiot's Handbook of the Chilling Crucible
 54378 | Depths:1 | Entered Level 1 of the Depths
 54379 | Depths:1 | You fall into a shaft and drop 1 floor!
 54515 | Depths:2 | Found a one-way gate leading to the halls of Pandemonium.
 54574 | Depths:2 | Found a gateway to Hell.
 54741 | Depths:2 | Found a stormy altar of Qazlal.
 55007 | Depths:2 | Reached skill level 24 in Necromancy
 55069 | Depths:2 | Identified the dragon-blood talisman of Life {rCorr Int-3
                  | Dex+6}
 55834 | Depths:1 | Found a bloodstained altar of Trog.
 56041 | Depths:1 | Found a one-way gate to the infinite horrors of the Abyss.
 56808 | Depths:3 | Reached skill level 25 in Necromancy
 57028 | Depths:3 | Found a shimmering altar of Xom.
 57115 | Depths:3 | Identified the +9 shortbow "Roishaf" {antimagic, rN+}
 57150 | Depths:3 | Reached XP level 23. HP: 171/171 MP: 43/43
 57776 | Depths:4 | Entered Level 4 of the Depths
 58112 | Depths:4 | Found a one-way gateway to a ziggurat.
 58335 | Depths:4 | Reached skill level 26 in Necromancy
 58503 | Depths:4 | Noticed Margery
 58670 | Depths:4 | Killed Margery
 58805 | Depths:4 | Found a portal to a secret trove of treasure.
 58904 | Depths:4 | Found a gate to the Realm of Zot.
 58923 | Depths:4 | Noticed the Enchantress
 59015 | Depths:3 | Killed the Enchantress
 59845 | Crypt:1  | Entered Level 1 of the Crypt
 59899 | Crypt:1  | Reached skill level 27 in Necromancy
 60128 | Crypt:1  | Noticed Xtahua
 60156 | Crypt:1  | Killed Xtahua
 60762 | Crypt:1  | Noticed Boris
 60772 | Crypt:1  | Killed Boris
 60803 | Crypt:1  | Found a large runed translucent door.
 60803 | Crypt:1  | Found a large runed translucent door.
 60950 | Crypt:1  | Noticed Teduw's ghost (veteran MiGl)
 61117 | Crypt:1  | Learned a level 9 spell: Death's Door
 61231 | Crypt:2  | Noticed Donald
 61235 | Crypt:2  | Killed Donald
 61302 | Crypt:2  | Identified the +9 sling of the Ageless Xalams {drain, rF+
                  | rC- Str+4}
 61667 | Crypt:2  | Acquired the +3 pair of mountain boots {steadfast, rC+}
 61667 | Crypt:2  | Found the +3 pair of mountain boots {steadfast, rC+}
 61687 | Crypt:2  | Found a burning altar of Makhleb.
 62026 | Crypt:3  | Entered Level 3 of the Crypt
 62159 | Crypt:3  | Reached XP level 24. HP: 163/171 MP: 45/45
 62216 | Crypt:3  | Reached skill level 5 in Evocations
 62454 | Crypt:3  | Noticed a dread lich
 62458 | Crypt:3  | Found an ancient bone altar of Kikubaaqudgha.
 62462 | Crypt:3  | Killed a dread lich
 62530 | Crypt:3  | Got the Grimoire of the Wyrd
 62967 | Crypt:3  | Found a staircase to the Tomb.
 62986 | Crypt:3  | Acquired the ring of Ciezenaorgh {rF++ rN+ Will- Slay+4
                  | SInv}
 63259 | Crypt:3  | Identified the +5 flail of Jastogow {drain, rF- Str+3
                  | Dex+4}
 63403 | Crypt:3  | Identified the amulet of the Yeti {Regen+ Slay+3}
 63403 | Crypt:3  | Identified the ring of Gozag's Brutal Revenge {Fly rN+}
 64214 | Vaults:5 | Entered Level 5 of the Vaults
 64961 | Slime:1  | Entered Level 1 of the Pits of Slime
 65082 | Slime:1  | Paralysed by a formless jellyfish for 1 turns
 65086 | Slime:1  | Paralysed by a formless jellyfish for 1 turns
 65091 | Slime:1  | Paralysed by a formless jellyfish for 1 turns
 66580 | Slime:5  | Entered Level 5 of the Pits of Slime
 66645 | Slime:5  | Reached skill level 15 in Fighting
 66857 | Slime:5  | Found a viscous altar of Jiyva.
 66933 | Slime:5  | Noticed the Royal Jelly
 66944 | Slime:5  | Killed the Royal Jelly
 67607 | Slime:5  | Gained mutation: You are robust. (+10% HP) [a shining eye]
 67608 | Slime:5  | Gained mutation: You are clumsy. (Dex -2) [a shining eye]
 67916 | Slime:5  | Got Daxzuy's Directory of the Collective Snowflakes
 67919 | Slime:5  | Got a slimy rune of Zot
 67950 | Slime:5  | Identified the +0 lajatang of Instant Death {pain, rElec
                  | Will- Dex+7}
 67954 | Slime:5  | Identified the +4 sling "Vyxov" {heavy, Int+3}
 67955 | Slime:5  | Identified the +0 leather armour of the Moon {rN+ Int+2
                  | Dex-3 Stlth+}
 67960 | Slime:5  | Identified the staff "Killer Bee's Peril" {Conj Earth}
 67981 | Slime:5  | Identified the +5 scale mail "Xueheacw" {Harm Will+ Regen+}
 67997 | Slime:5  | Identified the amulet "Daufeit" {Spirit +Inv Fly rElec
                  | Str-4}
 68045 | Slime:5  | Identified the +5 quarterstaff "Zizaz" {elec, MP-9 Str+4
                  | Int+3}
 68047 | Slime:5  | Identified the +6 glaive "Udumasast" {flame, rCorr}
 69107 | Vaults:5 | Noticed a dread lich
 69123 | Vaults:5 | Reached XP level 25. HP: 94/212 MP: 20/45
 69340 | Vaults:5 | Noticed a dread lich
 69353 | Vaults:5 | Noticed an ancient lich
 69400 | Vaults:5 | Identified the amulet of the Republic {Acrobat +Inv Regen+
                  | Str+3}
 69453 | Vaults:5 | Killed a dread lich
 70008 | Vaults:5 | Identified the +4 leather armour "Joad" {Will+}
 70477 | Vaults:5 | Identified the +0 plate armour of the Farrier {Str+3 Int+4}
 70527 | Vaults:5 | Noticed a dread lich
 70530 | Vaults:5 | Killed an ancient lich
 70893 | Vaults:5 | Noticed an ancient lich
 70899 | Vaults:5 | Killed an ancient lich
 71066 | Vaults:5 | Killed a dread lich
 71072 | Vaults:5 | Killed a dread lich
 71073 | Vaults:5 | Reached skill level 15 in Dodging
 71797 | Elf:2    | Bought a glowing cloak for 300 gold pieces
 72214 | Vaults:5 | Got Sif Muna's Papyrus of Vexatious Misery
 72379 | Vaults:5 | Got a silver rune of Zot
 72817 | Depths:1 | Voluntarily entered the Abyss.
 72844 | Abyss:1  | Found a corrupted altar of Lugonu.
 72872 | Abyss:1  | Found a corrupted altar of Lugonu.
 72938 | Abyss:2  | Found a corrupted altar of Lugonu.
 73049 | Abyss:2  | Learned a level 2 spell: Sublimation of Blood
 73065 | Abyss:2  | Found a corrupted altar of Lugonu.
 73066 | Abyss:2  | Found a corrupted altar of Lugonu.
 73066 | Abyss:2  | Found a corrupted altar of Lugonu.
 73221 | Abyss:2  | Found a corrupted altar of Lugonu.
 73626 | Abyss:3  | Learned a level 5 spell: Irradiate
 73720 | Abyss:3  | Gained mutation: You are surrounded by an aura of silence.
                  | [demonic ancestry]
 73720 | Abyss:3  | Reached XP level 26. HP: 158/239 MP: 32/45
 73724 | Abyss:3  | Reached skill level 1 in Alchemy
 73816 | Abyss:3  | Reached skill level 10 in Conjurations
 73921 | Abyss:3  | Found a corrupted altar of Lugonu.
 73925 | Abyss:3  | Found a corrupted altar of Lugonu.
 73925 | Abyss:3  | Found a corrupted altar of Lugonu.
 74002 | Depths:1 | Escaped the Abyss
 74107 | Depths:1 | Voluntarily entered the Abyss.
 74136 | Abyss:3  | Found a corrupted altar of Lugonu.
 74208 | Abyss:3  | Gained mutation: Your body sometimes deteriorates upon
                  | taking damage. [a neqoxec]
 74221 | Abyss:3  | Got an abyssal rune of Zot
 74341 | Abyss:3  | Paralysed by accursed screaming for 1 turns
 74345 | Depths:1 | Escaped the Abyss
 74346 | Depths:1 | Lost mutation: You are robust. (+10% HP) [potion of
                  | mutation]
 74346 | Depths:1 | Lost mutation: You are clumsy. (Dex -2) [potion of
                  | mutation]
 74346 | Depths:1 | Lost mutation: Your body sometimes deteriorates upon taking
                  | damage. [potion of mutation]
 74346 | Depths:1 | Gained mutation: You sometimes lose your temper in combat.
                  | [potion of mutation]
 74346 | Depths:1 | Gained mutation: Your magical capacity is low. (-10% MP)
                  | [potion of mutation]
 74346 | Depths:1 | Gained mutation: You are agile. (Dex +4, Str/Int -1)
                  | [potion of mutation]
 74347 | Depths:1 | Lost mutation: You are agile. (Dex +4, Str/Int -1) [potion
                  | of mutation]
 74347 | Depths:1 | Lost mutation: Your magical capacity is low. (-10% MP)
                  | [potion of mutation]
 74347 | Depths:1 | Gained mutation: Your muscles are strong. (Str +4, Int/Dex
                  | -1) [potion of mutation]
 74348 | Depths:1 | Lost mutation: You sometimes lose your temper in combat.
                  | [potion of mutation]
 74348 | Depths:1 | Lost mutation: Your muscles are strong. (Str +4, Int/Dex
                  | -1) [potion of mutation]
 74348 | Depths:1 | Gained mutation: You are vulnerable to cold. (rC-) [potion
                  | of mutation]
 74348 | Depths:1 | Gained mutation: You are dopey. (Int -2) [potion of
                  | mutation]
 74348 | Depths:1 | Gained mutation: You occasionally lose the ability to read
                  | scrolls when taking damage. [potion of mutation]
 74348 | Depths:1 | Gained mutation: You have hidden genetic potential. [potion
                  | of mutation]
 74349 | Depths:1 | Lost mutation: You are dopey. (Int -2) [potion of mutation]
 74349 | Depths:1 | Lost mutation: You are vulnerable to cold. (rC-) [potion of
                  | mutation]
 74349 | Depths:1 | Lost mutation: You occasionally lose the ability to read
                  | scrolls when taking damage. [potion of mutation]
 74349 | Depths:1 | Gained mutation: Your spells are a little easier to cast,
                  | but a little less powerful. [potion of mutation]
 74349 | Depths:1 | Gained mutation: A frigid envelope surrounds you and
                  | freezes all who hurt you. [potion of mutation]
 74349 | Depths:1 | Lost mutation: Your spells are a little easier to cast, but
                  | a little less powerful. [potion of mutation]
 74557 | Zot:1    | Entered Level 1 of the Realm of Zot
 75632 | Abyss:3  | Cast into level 3 of the Abyss (white draconian)
 75647 | Zot:1    | Escaped the Abyss
 76041 | Zot:1    | Identified the +6 scale mail "Judil" {-Cast rElec Will++
                  | rCorr}
 76790 | Zot:2    | Reached skill level 15 in Conjurations
 76932 | Zot:2    | Identified the +8 scale mail of the Game Afoot {Int+2}
 77306 | Zot:2    | Reached skill level 10 in Summonings
 79058 | Zot:3    | Reached XP level 27. HP: 184/224 MP: 21/45
 79420 | Zot:4    | Gained mutation: Your muscles are strong. (Str +4, Int/Dex
                  | -1) [hidden potential]
 79967 | Zot:5    | Entered Level 5 of the Realm of Zot
 80164 | Zot:5    | Noticed an orb of fire
 80171 | Zot:5    | Noticed an orb of fire
 80173 | Zot:5    | Gained mutation: Your body sometimes deteriorates upon
                  | taking damage. [an orb of fire]
 80173 | Zot:5    | Noticed an orb of fire
 80174 | Zot:5    | Noticed an orb of fire
 80199 | Zot:5    | Noticed a dread lich
 80201 | Zot:5    | Noticed a dread lich
 80218 | Zot:5    | Gained mutation: Your body often deteriorates upon taking
                  | damage. [an orb of fire]
 80220 | Zot:5    | Noticed a dread lich
 80222 | Zot:5    | Noticed an orb of fire
 80376 | Zot:5    | Noticed an orb of fire
 80384 | Zot:5    | Killed an orb of fire
 80690 | Zot:5    | Gained mutation: You have supernaturally acute eyesight.
                  | (SInv) [an orb of fire]
 81117 | Zot:5    | Lost mutation: Your muscles are strong. (Str +4, Int/Dex
                  | -1) [an orb of fire]
 81132 | Zot:4    | Gained mutation: You are weak. (Str -2) [an orb of fire]
 81132 | Zot:4    | Killed an orb of fire
 81293 | Zot:5    | Gained mutation: You occasionally shout uncontrollably at
                  | your foes. [an orb of fire]
 81303 | Zot:5    | Killed an orb of fire
 81679 | Zot:5    | Gained mutation: You are clumsy. (Dex -2) [an orb of fire]
 81696 | Zot:5    | Noticed an ancient lich
 81702 | Zot:5    | Killed an ancient lich
 81804 | Zot:4    | Gained mutation: Your spells are a little easier to cast,
                  | but a little less powerful. [an orb of fire]
 81812 | Zot:4    | Killed an orb of fire
 81813 | Zot:4    | Lost mutation: You have supernaturally acute eyesight.
                  | (SInv) [potion of mutation]
 81813 | Zot:4    | Lost mutation: Your body often deteriorates upon taking
                  | damage. [potion of mutation]
 81813 | Zot:4    | Lost mutation: You occasionally shout uncontrollably at
                  | your foes. [potion of mutation]
 81813 | Zot:4    | Gained mutation: Your mind is acute. (Int +4, Str/Dex -1)
                  | [potion of mutation]
 81813 | Zot:4    | Gained mutation: You passively map a small area around you.
                  | [potion of mutation]
 81814 | Zot:4    | Lost mutation: Your body sometimes deteriorates upon taking
                  | damage. [potion of mutation]
 81814 | Zot:4    | Lost mutation: You are weak. (Str -2) [potion of mutation]
 81814 | Zot:4    | Gained mutation: Your flesh is cold resistant. (rC+)
                  | [potion of mutation]
 81814 | Zot:4    | Gained mutation: You are robust. (+10% HP) [potion of
                  | mutation]
 81815 | Zot:4    | Lost mutation: A frigid envelope surrounds you and freezes
                  | all who hurt you. [potion of mutation]
 81815 | Zot:4    | Lost mutation: Your mind is acute. (Int +4, Str/Dex -1)
                  | [potion of mutation]
 81815 | Zot:4    | Lost mutation: Your flesh is cold resistant. (rC+) [potion
                  | of mutation]
 81995 | Zot:4    | Gained mutation: You sometimes lose your temper in combat.
                  | [an orb of fire]
 82167 | Zot:4    | Killed an orb of fire
 82387 | Zot:5    | Killed a dread lich
 82501 | Zot:4    | Lost mutation: You have hidden genetic potential. [potion
                  | of mutation]
 82501 | Zot:4    | Lost mutation: You sometimes lose your temper in combat.
                  | [potion of mutation]
 82501 | Zot:4    | Lost mutation: You are clumsy. (Dex -2) [potion of
                  | mutation]
 82501 | Zot:4    | Gained mutation: You are agile. (Dex +4, Str/Int -1)
                  | [potion of mutation]
 82501 | Zot:4    | Gained mutation: Your flesh is cold resistant. (rC+)
                  | [potion of mutation]
 83142 | Zot:5    | Identified the +10 dagger of the Furious {freeze, rPois
                  | Will+ Int+3}
 83489 | Zot:5    | Killed a dread lich
 83492 | Zot:5    | Noticed an ancient lich
 83678 | Zot:5    | Killed an ancient lich
 83705 | Zot:5    | Gained mutation: You are weak. (Str -2) [an orb of fire]
 83718 | Zot:5    | Killed an orb of fire
 84009 | Zot:5    | Killed a dread lich
 84012 | Zot:5    | Got the Orb of Zot
 84015 | Zot:5    | Noticed Qelier the pandemonium lord
 84221 | Depths:2 | Noticed Paoluec the pandemonium lord
 84295 | D:14     | Noticed Xeurrawk the pandemonium lord
 84460 | D:8      | Noticed Qusuf the pandemonium lord
 84570 | D:2      | Noticed Sorizuga the pandemonium lord
 84605 | D:$      | Escaped with the Orb!

Illustrated notes

Levels and vault maps discovered:
D:1:      mrwooster_arrival_statue_2, layout_loops_ring,
          shapermc_ecumenical_altar_mp_highgroup
D:2:      layout_basic
D:3:      layout_loops_ring, mainiacjoe_overflow_concentric_impassable,
          serial_shops, shop, nicolae_shop_real_fake_doors,
          uniq_crazy_yiuf_cottage, uniq_grinder
D:4:      layout_rooms, minmay_hollow_rounded_squares, uniq_sigmund
D:5:      wander_river, layout_rooms, minmay_temple_entry_metal_lava,
          serial_shops, shop, nicolae_ossuary_entry_giza,
          kennysheep_cluttered_room, nicolae_elevator_lobby_plus
D:6:      layout_cave_pools, old_standard_altar,
          amethyst_overflow_temple_binary, nicolae_uskayaw_dance_hall
D:7:      layout_basic
D:8:      layout_loops_ring, nemelex_xobeh_ov_fountains_minmay,
          erik_lair_dragon, serial_shops, shop, shop, shop, enter_bailey_7,
          wad_floor_pattern_untrapped
D:9:      layout_basic
D:10:     layout_irregular_city, uniq_erica
D:11:     layout_cave_pods, erik_orc_3, kennysheep_decorative_pillar,
          minmay_lindwurm_lava
D:12:     layout_long_grid, serial_shops, shop, uniq_frances
D:13:     layout_roguey, gauntlet_entry_generic, serial_glass, glass_columns_b,
          glass_columns_a
D:14:     layout_small_grid, grunt_vaults_entry_fortified,
          ploomutoo_gammafunk_ghost_potion_laboratory, serial_shops,
          nicolae_shop_waterfront, kennysheep_pointless_box, drop_trap
D:15:     gammafunk_enter_depths_forms, layout_layer_cave,
          lightli_corner_chamber
Temple:   compressed_dpeg_triangle_lava_temple
Lair:1:   beast_lair_carwin_large_3, layout_small_grid, uniq_nergalle
Lair:2:   layout_gridlike, mainiacjoe_swamp_entry_angry_trees,
          gammafunk_ghost_grave, uniq_sonja, uniq_urug
Lair:3:   layout_concentric_octagons, dummy_snake_entry,
          infiniplex_staircase_pool_2, uniq_josephine
Lair:4:   layout_regular_city, grunt_megastairs_3
Lair:5:   hangedman_lair_caniforms_friends, layout_cave_shapes,
          hangedman_lair_tendril_chambers, minmay_slime_entry_eyes,
          infiniplex_staircase_pool
Swamp:1:  layout_basic_swamp, evilmike_swamp_ruin_house_5, swamp_pool_5,
          hangedman_swamp_grove
Swamp:2:  layout_falls_marsh, gammafunk_ghost_necromancy, hangedman_swamp_pad,
          swamp_pool_4, nicolae_swamp_some_circles
Swamp:3:  layout_falls_marsh, portal_ice_cave_entry_ice_statue_one,
          evilmike_swamp_ruin_house_3
Swamp:4:  swamp_pestilence, layout_basic_swamp, swamp_pool_1_2
Snake:1:  layout_rooms, nicolae_snake_coiling_death
Snake:2:  layout_honeycomb, serial_shops, shop, uniq_vashnia
Snake:3:  layout_onion, st_stairs_3, uniq_bai_suzhen, uniq_saint_roka
Snake:4:  grunt_snake_rune_pools, layout_cave_town, minmay_shop_star
Slime:1:  layout_caves
Slime:2:  layout_caves
Slime:3:  layout_caves, nicolae_slime_barrier
Slime:4:  layout_caves
Slime:5:  slime_pit_nicolae_jellycorners
Orc:1:    minmay_goldmine, layout_caves, special_room [special_room_bee],
          basic_altar, uniq_fannar
Orc:2:    grunt_orc_gardens, layout_diamond_mine, grunt_orc_garden,
          grunt_orc_garden, grunt_orc_garden, grunt_orc_garden, uniq_jorgrun,
          uniq_azrael, uniq_rupert
Elf:1:    eino_elf_arrival_the_gate, layout_gridlike, minmay_elf_annihilation,
          hangedman_decor_cross_pass
Elf:2:    nicolae_elf_blades_crystal_corner, layout_geoelf_diagonals,
          serial_shops, shop, shop, gammafunk_ghost_tricky_traps, door_vault
Elf:3:    minmay_elf_hall_furrowed, layout_geoelf_castle,
          nicolae_elf_big_sculpture_2, minivault_19, minmay_shoptagon,
          uniq_zenata
Vaults:1: nicolae_vaults_weapon_check, vaults_mumra_chevron, vaults_room_fours,
          grunt_tower_of_power, v_misc_17, vaults_room_hallway,
          nicolae_vaults_surprise_closet, hangedman_vaults_stagger,
          nicolae_vaults_specimen_jars, vaults_room_pools, layout_vaults_maze
Vaults:2: portal_desolation_entry_nicolae_nacl, minmay_crypt_entry_simple_round,
          v_rooms_4, ontoclasm_vaults_ring_small, hangedman_vaults_locks,
          nicolae_vaults_network_quinsquares
          [nicolae_vaults_network_quincunx_subvault,
          nicolae_vaults_network_quincunx_subvault,
          nicolae_vaults_network_quincunx_subvault,
          nicolae_vaults_network_quincunx_subvault], ontoclasm_vaults_fault,
          nicolae_vaults_yaktaur_gun_rack, v_rooms_6, v_alt_pattern_3,
          nicolae_vaults_rhombus_6, grunt_vaults_hallway_short,
          vaults_dpeg_emergency_exit, nicolae_vaults_angled_halls,
          grunt_vaults_hallway_long, vaults_dpeg_ring, layout_vaults_omnicross
Vaults:3: nzn_ghost_randoct, v_alt_pattern_5, vaults_room_stairs_pillars,
          nicolae_vaults_closet_pinwheel_4, nicolae_vaults_big_angled_halls,
          v_alt_pattern_2, nicolae_vaults_closet_pinwheel_4,
          vaults_room_large_hall, v_misc_28, nicolae_vaults_closet_pinwheel_5,
          layout_vaults_omnigrid
Vaults:4: nicolae_vaults_surprise_closet_hard, nicolae_vaults_little_squares_6,
          hangedman_vaults_restitches, nicolae_vaults_ring_of_whatevers,
          nicolae_vaults_trapezoid_lopsided_1, nicolae_vaults_big_ls,
          vaults_room_stairs_pillars, nicolae_vaults_tangram_1,
          nicolae_vaults_turnstiles, layout_vaults_big_room, uniq_norris
Vaults:5
Crypt:1:  layout_basic, ebering_ghost_disaster_area, grunt_crypt_arrival_webbed,
          uniq_boris, uniq_xtahua
Crypt:2:  layout_gridlike, amcnicky_mini_pool_small, nicolae_danse_macabre,
          uniq_donald
Crypt:3:  cryptofortress_bobbens
Depths:1: layout_basic, trog_three_pillars_becter, abyss_entry_crystal,
          pf_hell_entry_great_geh, lightli_minifort
Depths:2: grunt_double_whammy, layout_gridlike, grunt_qazlal_clouds, pan_entry,
          hell_entry, minmay_misc_feat_rugged, laboratory
Depths:3: kennysheep_room_grid, layout_cave_shapes, nrook_pool_corridor,
          lightli_too_deep, abyss_entry_small_statue_room, xom_teletrap_fun,
          grunt_megastairs_4
Depths:4: grunt_crosshair, layout_gridlike, enter_ziggurat_f,
          hangedman_coc_ice_floe, serial_library_hellmonk_big_corner,
          enter_trove_3, serial_bayou_pond_c, uniq_enchantress, uniq_margery
Zot:1:    layout_misc_corridors, regret_index_zotdec_wing_it
Zot:2:    layout_basic, regret_index_zotdec_icy_dp, st_large_dragon_hoard_1,
          uniq_josephina
Zot:3:    layout_gridlike
Zot:4:    layout_onion_interference, st_stairs_14, grunt_megastairs_2
Zot:5:    layout_onion

Skill      XL: |  1  2  3  4  5  6  7  8  9 10 11 12 13 14 15 16 17 18 19 20 21 22 23 24 25 26 27 |
---------------+----------------------------------------------------------------------------------+-----
Spellcasting   | 3 5 7 9 11 13 16 18 21 | 21.5
Ice Magic      | 4 5 6 7 9 |  9.0
Fighting       | 2 4 6 8 10 12 17 20 | 20.0
Dodging        | 2 3 6 8 10 13 14 16 | 16.0
Summonings     | 2 8 12 | 12.0
Necromancy     | 7 10 13 14 18 20 22 23 25 27 | 27.0
Earth Magic    | 4 8 12 13 15 18 | 18.0
Conjurations   | 8 9 15 | 15.0
Stealth        | 5 8 |  8.0
Evocations     | 4 8 |  8.0
Staves         | 4 |  4.0
Alchemy        | 4 |  4.0

Action                     |  1- 3 |  4- 6 |  7- 9 | 10-12 | 13-15 | 16-18 | 19-21 | 22-24 | 25-27 || total
---------------------------+-------+-------+-------+-------+-------+-------+-------+-------+-------++-------
  Melee: Unarmed           |    11 |       |       |       |       |       |       |       |       ||    11
         Dagger            |    44 |     2 |       |       |       |       |       |       |       ||    46
         Short sword       |     8 |       |       |       |       |       |       |       |       ||     8
         Punch             |     1 |       |       |       |     3 |       |     2 |     7 |    10 ||    23
         Quarterstaff      |       |    83 |   140 |    96 |   108 |       |       |       |       ||   427
         Headbutt          |       |       |       |       |    73 |    39 |    23 |    72 |   253 ||   460
         Staff             |       |       |       |       |   101 |    97 |    60 |   192 |   591 ||  1041
   Cast: Freeze            |    25 |       |    16 |       |    13 |     1 |     1 |       |       ||    56
         Frozen Ramparts   |     2 |    11 |    34 |    47 |    88 |    16 |     4 |       |       ||   202
         Ozocubu's Armour  |       |     4 |    16 |    28 |    59 |    16 |     5 |     2 |     1 ||   131
         Summon Ice Beast  |       |       |    11 |    23 |    41 |     8 |       |     1 |     1 ||    85
         Vampiric Draining |       |       |     2 |    87 |   218 |   134 |    81 |   124 |    80 ||   726
         Borgnjor's Vile C |       |       |       |    31 |   146 |   103 |    86 |   123 |   125 ||   614
         Dispel Undead     |       |       |       |     5 |    21 |    40 |    15 |   138 |    57 ||   276
         Bombard           |       |       |       |       |    14 |    85 |    26 |    75 |   100 ||   300
         Infestation       |       |       |       |       |     8 |   128 |    97 |   141 |    95 ||   469
         Haunt             |       |       |       |       |       |     4 |    82 |   269 |   255 ||   610
         Death's Door      |       |       |       |       |       |       |       |     2 |     2 ||     4
         Sublimation of Bl |       |       |       |       |       |       |       |       |    15 ||    15
         Irradiate         |       |       |       |       |       |       |       |       |    20 ||    20
 Invoke: Receive Forbidden |       |       |       |       |     1 |       |       |       |       ||     1
         Torment           |       |       |       |       |       |       |       |     1 |     1 ||     2
         Unearth Wretches  |       |       |       |       |       |       |       |     1 |       ||     1
Ability: Evoke Invisibilit |       |       |       |       |       |       |       |     1 |       ||     1
  Evoke: Phantom mirror    |       |       |       |     2 |     2 |     1 |       |       |     3 ||     8
         Wand              |       |       |       |     2 |     8 |     2 |       |       |    11 ||    23
         Lightning rod     |       |       |       |       |     5 |       |       |     3 |     6 ||    14
         Sack of spiders   |       |       |       |       |       |     2 |       |       |     3 ||     5
    Use: Scroll            |       |       |       |    20 |    16 |     8 |     3 |    18 |    23 ||    88
         Potion            |       |       |       |     1 |     6 |     4 |     1 |     2 |    23 ||    37
   Stab: Sleeping          |     7 |     1 |     8 |     1 |     2 |       |     1 |     2 |     4 ||    26
         Distracted        |       |       |       |     1 |     2 |       |       |     7 |    22 ||    32
 Armour: Robe              |    48 |    53 |   133 |   204 |   524 |   386 |   177 |   565 |   915 ||  3005
  Dodge: Dodged            |    48 |    57 |   111 |   205 |   519 |   291 |   163 |   479 |   993 ||  2866
  Block: Other             |       |       |       |       |    29 |       |       |       |       ||    29
         Reflection        |       |       |       |       |     2 |       |       |       |       ||     2
